 Dungeon Crawl Stone Soup version 0.19.5 (webtiles) character file.

159 Telkir the Shield-Bearer (level 5, 0/47 HPs)
             Began as a Minotaur Fighter on Mar 31, 2017.
             Slain by a wight
             ... wielding a +0 mace
              (3 damage)
             ... on level 6 of the Dungeon on Apr 4, 2017.
             The game lasted 00:17:33 (1607 turns).

Telkir the Shield-Bearer (Minotaur Fighter)         Turns: 1607, Time: 00:17:34

Health: 0/47       AC:  7    Str: 21      XL:     5   Next: 17%
Magic:  4/4        EV: 12    Int:  3 (5)  God:
Gold:   71         SH: 10    Dex: 15      Spells: 0 memorised, 4 levels left

rFire  . . .     SeeInvis .     a - +0 war axe
rCold  . . .     Gourm    .     b - +0 scale mail
rNeg   . . .     Faith    .     c - +0 shield
rPois  .         Spirit   .     (helmet restricted)
rElec  .         Reflect  .     (no cloak)
rCorr  .         Harm     .     (no gloves)
MR     .....                    (no boots)
Stlth  +.........               (no amulet)
                                (no ring)
                                (no ring)

@: agile, very slightly contaminated, drained, invisible
A: retaliatory headbutt, horns 2
a: no special abilities


You were on level 6 of the Dungeon.
You were hungry.

You visited 1 branch of the dungeon, and saw 4 of its levels.

You collected 71 gold pieces.

Inventory:

Hand Weapons
 a - a +0 war axe (weapon)
Missiles
 j - 33 arrows
 m - 49 bolts
Armour
 b - a +0 scale mail (worn)
 c - a +0 shield (worn)
Scrolls
 i - a scroll of teleportation
 q - a scroll of blinking {unknown}
 u - a scroll of fear {unknown}
 v - a scroll of fog {unknown}
Potions
 d - a potion of might
 e - a potion of invisibility
 l - a potion of mutation {unknown}
 n - a potion of brilliance {unknown}
 r - 2 potions of degeneration
 t - 2 potions of haste
Comestibles
 f - a bread ration
 g - a slice of pizza
 k - 3 meat rations
 o - a royal jelly


   Skills:
 + Level 4.3(3.8) Fighting
 + Level 4.2(3.7) Axes
 + Level 4.4(3.9) Armour
 + Level 0.3(0.0) Stealth
 + Level 4.8(4.3) Shields


You had 4 spell levels left.
You didn't know any spells.

Dungeon Overview and Level Annotations

Branches:
Dungeon (3/15)

Altars:
Fedhas

Annotations:
D:3 Agorwal's ghost, amateur MiGl
D:6 Dowan; Duvessa


Innate Abilities, Weirdness & Mutations

You reflexively headbutt those who attack you in melee.
You have a pair of horns on your head.


Message History

t - 2 potions of haste Duvessa shouts!
The orc hits you with a hand axe.
* * * LOW HITPOINT WARNING * * *
Dowan points at the wight and mumbles some strange words.
The puff of frost hits the wight.
The wight resists.
It was a potion of agility.
You feel agile all of a sudden. Duvessa barely misses you.
The wight misses you. You block the orc's attack. You block Duvessa's attack.
The wight completely misses you.
Found a stone staircase leading up.
You block Duvessa's attack.
You hear a zap.
Some rock shatters into small pieces.
You closely miss the wight. The wight hits you with a mace.
* * * LOW HITPOINT WARNING * * *
You feel drained.
Dowan casts a spell at Duvessa.
The puff of flame hits Duvessa.
The wight hits you with a mace.
You die...

#.........##...#....#
#....z....#.........### .
#.....................#
..#.....................#
#.........oo.o...........
........ze.##...e......##
.......oeo####.>......##
......zzz### ##....#...#
......#.@..# #....###.#
....(.......# #..#o###.##
..............#.........#
#..##.<.................#
.. ##...............o..#
. .......#............
#...........#.....>..
#..........##........
.............#


You could see Duvessa (wandering), Dowan, 5 wights and 4 orcs.

Vanquished Creatures
  An orc priest (D:6)
  A bullfrog skeleton (D:6)
  An orc wizard (D:6)
  2 adders (D:3)
  3 leopard geckos
  3 orcs (D:6)
  6 bats
  2 giant cockroaches (D:1)
  7 goblins (D:1)
  6 hobgoblins (D:1)
  4 jackals (D:3)
  A quokka (D:2)
  2 ball pythons
  2 frilled lizards (D:1)
  5 kobolds (D:1)
  3 rats
49 creatures vanquished.

Notes
Turn   | Place    | Note
-------+----------+-------------------------------------------
     0 | D:1      | Telkir the Minotaur Fighter began the quest for the Orb.
     0 | D:1      | Reached XP level 1. HP: 19/19 MP: 0/0
   224 | D:1      | Reached XP level 2. HP: 27/27 MP: 1/1
   544 | D:1      | Reached XP level 3. HP: 33/33 MP: 2/2
   824 | D:2      | Found a blossoming altar of Fedhas.
  1451 | D:3      | Noticed Agorwal's ghost (amateur MiGl)
  1491 | D:3      | Test
  1535 | D:3      | You fall through a shaft for 3 floors!
  1550 | D:6      | Reached XP level 4. HP: 35/40 MP: 3/3
  1551 | D:6      | Noticed Dowan
  1580 | D:6      | Reached XP level 5. HP: 13/47 MP: 4/4
  1596 | D:6      | Noticed Duvessa
  1607 | D:6      | Slain by a wight

Skill      XL: |  1  2  3  4 |
---------------+-------------+-----
Shields        | 4 |  4.8
Fighting       | 4 |  4.3
Axes           | 3 4 |  4.2
Armour         | 4 |  4.4
Stealth        | |  0.3

Action                   |  1- 3 |  4- 6 || total
-------------------------+-------+-------++-------
Melee: War axe           |   129 |    13 ||   142
       Headbutt          |     9 |     1 ||    10
  Use: Scroll            |     1 |     3 ||     4
       Potion            |       |     3 ||     3
 Stab: Invisible         |       |     1 ||     1
  Eat: Chunk             |     2 |       ||     2
Armor: Scale mail        |    58 |     5 ||    63
Dodge: Dodged            |    38 |     6 ||    44
Block: Shield            |    72 |     9 ||    81
